 Seeded DCSS version 0.30-a0-953-g5f1da4a474 (webtiles) character file.

Game seed: 3125986916090331667 (custom seed)

1732 Parcival the Covert (level 8, -1/60 HPs)
             Began as a Vampire Brigand on Mar 28, 2023.
             Succumbed to a kobold's poison
             ... on level 6 of the Dungeon.
             The game lasted 00:13:21 (3946 turns).

Parcival the Covert (Vampire Brigand)               Turns: 3946, Time: 00:13:22

Health: -1/60      AC: 11    Str: 16    XL:     8   Next: 76%
Magic:  17/17      EV: 13    Int: 14    God:
Gold:   678        SH:  8    Dex: 17    Spells: 4/7 levels left

rFire   + + .      SeeInvis +    f - +7 rapier of the Endless Expanse {protect, *Slow +Blink rF++ MP+9}
rCold   . . .      Faith    .    g - +3 warlock's mirror {omnireflect}
rNeg    . . .      Spirit   .    b - +1 robe
rPois   .          Reflect  +    (no helmet)
rElec   .          Rampage  .    c - +0 cloak
rCorr   .                        (no gloves)
Will    .....                    (no boots)
Stlth   +++++                    i - amulet of magic regeneration
HPRegen 0.50/turn                k - +6 ring of strength
MPRegen 0.55/turn                q - ring of wizardry

@: lethally poisoned (-1 -> -29), under a protective aura, healing quickly
A: alive, fangs 3, see invisible, vampiric 2
a: Exsanguinate, Evoke Blink


You were on level 6 of the Dungeon.
You visited 1 branch of the dungeon, and saw 6 of its levels.

You collected 678 gold pieces.

Inventory:

Hand Weapons
 a - a +4 vampiric dagger
 f - the +7 rapier of the Endless Expanse (weapon) {protect, *Slow +Blink rF++ MP+9}
   (You acquired it on level 1 of the Dungeon)

   rF:        It greatly protects you from fire.
   MP:        It affects your magic capacity (+9).
   +Blink:    It lets you blink.
   *Slow:     It may slow you when you take damage.
Missiles
 d - 21 poisoned darts (quivered)
 e - 3 curare-tipped darts
Armour
 b - a +1 robe (worn)
 c - a +0 cloak (worn)
 g - the +3 warlock's mirror (worn) {omnireflect}
   (You acquired it on level 4 of the Dungeon)

   Omnireflect: It can block and reflect piercing ranged attacks and magical
   attacks against the wielder's willpower.
Jewellery
 h - an amulet of reflection
 i - an amulet of magic regeneration (around neck)
 k - a +6 ring of strength (left hand)
 q - a ring of wizardry (right hand)
 w - an amulet of guardian spirit
Wands
 r - a wand of flame (34)
Scrolls
 l - 2 scrolls of teleportation
 u - a scroll of noise {unknown}
 v - a scroll of silence {unknown}
Potions
 j - 2 potions of heal wounds
 m - 3 potions of degeneration
 n - a potion of resistance
 o - a potion of lignification
 p - a potion of curing {unknown}
 s - a potion of might
 t - a potion of cancellation {unknown}
 x - a potion of brilliance {unknown}


   Skills:
 + Level 3.7 Fighting
 + Level 8.0 Short Blades
 + Level 1.6 Throwing
 + Level 4.1 Dodging
 + Level 11.0 Stealth
 + Level 2.8 Shields


You had 4 spell levels left.
You knew the following spells:

 Your Spells              Type           Power      Damage    Failure   Level
a - Call Canine Familiar  Summ           0%         N/A       41%         3

Your spell library contained the following spells:

 Spells                   Type           Power      Damage    Failure   Level
 Sandblast                Erth           0%         2d4       16%         1
 Ensorcelled Hibernation  Hex/Ice        0%         N/A       22%         2
 Passwall                 Tmut/Erth      0%         N/A       22%         2
 Sublimation of Blood     Necr           0%         N/A       22%         2
 Inner Flame              Hex/Fire       0%         N/A       41%         3
 Portal Projectile        Hex/Tloc       0%         N/A       41%         3
 Stone Arrow              Conj/Erth      0%         3d7       41%         3
 Swiftness                Air            0%         N/A       41%         3
 Flame Wave               Conj/Fire      0%         2d4       80%         4
 Leda's Liquefaction      Hex/Erth       0%         N/A       80%         4
 Petrify                  Tmut/Erth      0%         N/A       80%         4
 Sticky Flame             Conj/Fire      0%         2d3       80%         4
 Irradiate                Conj/Tmut      0%         3d11      98%         5


Dungeon Overview and Level Annotations

Branches:
Dungeon (6/15)             Temple (0/1) D:5

Altars:
Hepliaklqana
Okawaru

Shops:
D:3 :   D:5 (**?


Innate Abilities, Weirdness & Mutations

Your natural rate of healing is accelerated.
You have razor-sharp teeth.
You have supernaturally acute eyesight. (SInv)
You are afflicted with vampirism and can become a bat while bloodless.


Message History

The water moccasin bites you but does no damage.
The kobold hits you with a +2 dagger of venom.
You are more poisoned.
You block the kobold brigand's attack.
You barely miss the kobold brigand.
The kobold brigand is heavily wounded.
You feel very sick. The water moccasin closely misses you.
You hit the kobold brigand. Your bite misses the kobold brigand.
The kobold brigand is severely wounded.
You feel very sick.
The kobold hits you with a +2 dagger of venom.
You are more poisoned.
You block the kobold brigand's attack.
The water moccasin bites you but does no damage.
You barely miss the kobold brigand. You bite the kobold brigand.
The kobold brigand is severely wounded.
You feel very sick. The water moccasin barely misses you.
The kobold hits you but does no damage.
You are lethally poisoned!
You block the kobold brigand's attack.
You puncture the kobold brigand!
You kill the kobold brigand!
You feel very sick. You block the water moccasin's attack.
The kobold hits you with a +2 dagger of venom.
* * * LOW HITPOINT WARNING * * *
You are more poisoned.
Your Short Blades skill increases to level 8!
You hit the white imp.
The white imp is moderately wounded.
* * * LOW HITPOINT WARNING * * *
You feel extremely sick. The water moccasin bites you.
* * * LOW HITPOINT WARNING * * *
You block the white imp's attack. The kobold hits you but does no damage.
You block the water moccasin's attack.
You hit the kobold.
You kill the kobold!
You die...

..................## #.#
...............#### #.#
...............# #.#
...............# ####.#
###...>........# #....# #
##...........### #....#
#.....#.###...# #....#
..... ###.###....#
#..@)......# .# .
#..)5S##....# .# .#
#.........#....#
#.#..#.............#....#
..#.##..###.....^..#....#
.#............|...#####.#
................... .#
.#................. .#
.#.........


You could see a water moccasin and a white imp.

Vanquished Creatures
  2 water moccasins
  2 ice beasts
  An ogre (D:5)
  A sky beast (D:6)
  2 black bears (D:5)
  A kobold brigand (D:6)
  A bullfrog (D:6)
  6 scorpions
  A hound (D:6)
  2 jellies
  2 orc priests (D:4)
  4 iguanas
  A sleepcap (D:4)
  Natasha (D:2)
  An orc wizard (D:6)
  A gnoll (D:1)
  7 adders
  A white imp (D:6)
  A worm (D:2)
  2 dart slugs
  8 orcs
  7 endoplasms
  2 giant cockroaches
  5 hobgoblins
  4 jackals (D:4)
  4 quokkas
  9 ball pythons
  4 bats
  2 frilled lizards
  9 goblins
  13 kobolds
  4 rats
111 creatures vanquished.

Notes
Turn   | Place    | Note
-------+----------+-------------------------------------------
     0 | D:1      | Parcival the Vampire Brigand began the quest for the Orb.
     0 | D:1      | Reached XP level 1. HP: 16/16 MP: 1/1
    22 | D:1      | Reached skill level 6 in Stealth
    38 | D:1      | Identified a scroll of acquirement
    38 | D:1      | Acquired the +7 rapier of the Endless Expanse {protect,
                  | *Slow +Blink rF++ MP+9}
   239 | D:1      | Reached XP level 2. HP: 22/22 MP: 2/2
   569 | D:1      | Reached skill level 7 in Stealth
   681 | D:1      | Gained mutation: You are afflicted with vampirism and can
                  | become a bat while bloodless. [Vampire growth]
   681 | D:1      | Reached XP level 3. HP: 27/27 MP: 3/3
  1305 | D:2      | Noticed Natasha
  1317 | D:2      | Killed Natasha
  1318 | D:2      | Reached XP level 4. HP: 18/33 MP: 4/4
  1511 | D:2      | Acquired 442 gold pieces
  1641 | D:3      | Found an iron altar of Okawaru.
  1768 | D:3      | Found Digoh's Book Boutique.
  1801 | D:3      | Identified the +1 chain mail of Supple Strength {Harm
                  | Str+3}
  2272 | D:4      | Noticed a scorpion
  2274 | D:4      | Reached skill level 8 in Stealth
  2294 | D:4      | Acquired the +3 warlock's mirror {omnireflect}
  2294 | D:4      | Found the +3 warlock's mirror {omnireflect}
  2330 | D:4      | Noticed a water moccasin
  2332 | D:4      | Found a hazy altar of Hepliaklqana.
  2341 | D:4      | Killed a water moccasin
  2342 | D:4      | Reached XP level 5. HP: 10/39 MP: 5/5
  2443 | D:4      | Reached XP level 6. HP: 18/46 MP: 6/6
  3009 | D:4      | Reached skill level 9 in Stealth
  3009 | D:4      | Reached skill level 1 in Shields
  3017 | D:4      | Reached skill level 5 in Short Blades
  3173 | D:5      | Entered Level 5 of the Dungeon
  3182 | D:5      | Reached XP level 7. HP: 45/51 MP: 7/7
  3235 | D:5      | Found Tuexan's Magic Scroll Boutique.
  3235 | D:5      | Found Keelodoj's General Store.
  3237 | D:5      | Found Istewn's Weapon Boutique.
  3239 | D:5      | Found Kuxiet's Assorted Antiques.
  3346 | D:5      | Reached skill level 10 in Stealth
  3437 | D:5      | Found a staircase to the Ecumenical Temple.
  3471 | D:5      | Reached XP level 8. HP: 58/58 MP: 8/8
  3687 | D:5      | Learned a level 3 spell: Call Canine Familiar
  3862 | D:6      | Reached skill level 11 in Stealth
  3946 | D:6      | Succumbed to a kobold's poison

Illustrated notes

Levels and vault maps discovered:
D:1:      amcnicky_arrival_single_pillar, layout_loops_cross,
          hangedman_glass_garden
D:2:      layout_loops_ring, dk_vineyard_1, uniq_natasha
D:3:      layout_basic, mainiacjoe_overflow_catwalk, serial_forest,
          infiniplex_forest_zigzag_1, infiniplex_forest_split,
          infiniplex_forest_end_double, infiniplex_forest_lined_room_,
          infiniplex_forest_corner_1, infiniplex_forest_lined_room_2,
          serial_shops, nicolae_shop_hallway_stairs
D:4:      layout_basic, old_standard_altar
D:5:      layout_rooms, minmay_temple_entry_drinking_statues,
          minmay_shop_grid_forest
D:6:      layout_rooms, lemuel_tele_altar, minmay_microvault

Skill      XL: |  1  2  3  4  5  6  7  8 |
---------------+-------------------------+-----
Stealth        | 6 7 8 9 10 11 | 11.0
Fighting       | 2 3 |  3.7
Short Blades   | 3 4 5 6 8 |  8.0
Dodging        | 2 3 4 |  4.1
Shields        | 1 2 |  2.8
Throwing       | |  1.6

Action                     |  1- 3 |  4- 6 |  7- 9 || total
---------------------------+-------+-------+-------++-------
  Melee: Dagger            |    10 |       |       ||    10
         Rapier            |    51 |    96 |   115 ||   262
         Bite              |     7 |     8 |     9 ||    24
    Use: Scroll            |     1 |    15 |     1 ||    17
         Potion            |       |     1 |       ||     1
   Stab: Sleeping          |    13 |     9 |     6 ||    28
         Distracted        |       |     1 |     1 ||     2
 Armour: Robe              |    11 |    38 |    38 ||    87
  Dodge: Dodged            |    27 |    70 |    56 ||   153
  Block: Buckler           |       |    43 |    51 ||    94
         Reflection        |       |     5 |       ||     5

Table legend: (Time is in decaauts)
 A = Elapsed time spent in this place.
 B = Non-inter-level travel time spent in this place.
 C = Inter-level travel time spent in this place.
 D = Time resting spent in this place.
 E = Time spent auto-exploring this place.
 F = Levels seen in this place.
 G = Mean time per level.
                   A        B        C        D        E       F      G
               +--------+--------+--------+--------+--------+-----+--------+
         Total |   3945 |   3821 |    124 |    111 |   2646 |   6 |  657.5 |
       Dungeon |   3945 |   3821 |    124 |    111 |   2646 |   6 |  657.5 |
               +--------+--------+--------+--------+--------+-----+--------+

Top non-repeatable levels by time:
     D:4: 911 daAuts
     D:2: 875 daAuts
     D:1: 739 daAuts
     D:3: 656 daAuts
     D:5: 514 daAuts
     D:6: 247 daAuts
